AoeStats
← joosephy

Lombardia

509042536Analyzed
4v4 RM · 7d ago on Sep 25, 2026· 11m 20s· 8 players
Game mode
Random Map
Map size
Large (8 player)
Population
200
Speed
Normal
Resources
Standard
Victory
Conquest
Starting age
Dark Age
Ending age
Imperial Age
RankedLock teamsTeams togetherTeam positionsShared explorationLock speedFull tech treeHidden civsTurbo modeCheats
Victory
Defeat
🇨🇳 Britons · China
2021
+5
🇨🇳 Tupi · China
1795
+13
🇨🇳 Koreans · China
1702
+17
🇫🇮 Goths · Finland
1570
+21
🇳🇱 Bengalis · Netherlands
1804
-18
🇻🇳 Mongols · Vietnam
1729
-14
🇺🇸 Italians · United States
1696
-13
🇹🇼 Turks · Taiwan
1655
-11
Lastmantillidie
10:19 Feudal Age
10:50 Loom
joosephy
6:44 Loom
8:56 Feudal Age
9:26 Double-Bit Axe
Ngoam_____
12:27 Feudal Age
PraYs
10:24 Feudal Age
10:52 Loom
Kaarlos
5:36 Loom
8:58 Feudal Age
9:03 Man-at-Arms
CNZS_Dadaya
6:18 Loom
9:09 Feudal Age
10:13 Double-Bit Axe
邪恶菜菜虎
6:11 Loom
9:15 Feudal Age
9:22 Champi Runner
11:07 Double-Bit Axe
CNZS_CC
6:12 Loom
8:41 Feudal Age
9:22 Double-Bit Axe
Connection lost

Rejoining the realm…

Still unreachable

The connection could not be restored.

Session expired

The server has moved on; the page needs a fresh start.